 Dungeon Crawl Stone Soup version 0.31-a0-1074-g0b22e4e0f1 (webtiles) character file.

Game seed: 15065306848598707166

35 monsoonserge the Changeling (level 3, -1/23 HPs)
             Began as an Octopode Shapeshifter on Dec 4, 2023.
             Slain by Sigmund
             ... wielding a +0 scythe
              (9 damage)
             ... on level 2 of the Dungeon.
             The game lasted 00:01:54 (887 turns).

monsoonserge the Changeling (Octopode Shapeshifter)  Turns: 887, Time: 00:01:55

Health: -1/23      AC:  1    Str: 15    XL:     3   Next: 35%
Magic:  3/3        EV: 13    Int: 12    God:
Gold:   57         SH:  0    Dex: 11    Spells: 2/2 levels left

rFire   . .          .
                       - Unarmed
rCold   . . .        (no shield)
rNeg    . . .        (helmet currently unavailable)
rPois   .            (no amulet)
rElec   .            (no ring)
rCorr   .            (no ring)
SInv    .            (no ring)
Will    .....        (no ring)
Stlth   ++           (no ring)
HPRegen 0.23/turn    (no ring)
MPRegen 0.08/turn    (no ring)
                     (no ring)

%: no passive effects
@: beast-form
A: beast (slay +2), almost no armour, amphibious, 8 rings, camouflage 1,
gelatinous body 1, (nimble swimmer 1), tentacles
a: Begin Untransformation


You were on level 2 of the Dungeon.
You were a hulking beast.
You visited 1 branch of the dungeon, and saw 2 of its levels.

You collected 57 gold pieces.

Inventory:

Armour
 f - a +0 robe
Talismans
 b - a beast talisman
 c - a flux talisman
Scrolls
 e - a scroll of fog {unknown}
Potions
 a - a potion of lignification
 d - 3 potions of curing {unknown}
 g - 2 potions of berserk rage {unknown}


   Skills:
 + Level 1.0 Fighting
 + Level 2.0 Dodging
 - Level 1.0 Stealth
 * Level 3.1 Unarmed Combat
 + Level 4.0 Shapeshifting


You had 2 spell levels left.
You didn't know any spells.
Your spell library contained the following spells:

 Spells                   Type           Power      Damage    Failure   Level
 Magic Dart               Conj           0%         1d3       32%         1
 Searing Ray              Conj           0%         2d4       45%         2
 Fulminant Prism          Conj/Hex       0%         3d5       97%         4


Dungeon Overview and Level Annotations

Branches:
Dungeon (2/15)

Altars:

Annotations:
D:2 Sigmund


Innate Abilities, Weirdness & Mutations

You are a hulking beast.
Your limbs bulge with bestial killing power. (Slay +2)
You cannot wear most types of armour.
You are amphibious.
You can wear up to eight rings at the same time.
Your skin changes colour to match your surroundings (Stealth+).
Your rubbery body absorbs attacks. (AC +1, EV +1)
((You are camouflaged when in or above water. (Stealth+)))
You have tentacles for arms and can constrict up to eight enemies at once.


Message History

You bludgeon the goblin!
You kill the goblin!
You see here a +0 club.
g - 2 pink potions (gained 1)
You see here a +0 whip.
A rat comes into view.
The helpless rat fails to defend itself.
You tentacle-slap the rat.
You kill the rat!
You see here a rat corpse.
Found a stone staircase leading down.
There is a stone staircase leading down here.
Found a stone staircase leading down.
There is a stone staircase leading down here.
You now have 57 gold pieces (gained 12).
Sigmund the Dreaded comes into view.
He is wielding a +0 scythe.
Sigmund shouts!
Sigmund gestures at you while chanting. The magic dart hits you.
A ball python comes into view.
Sigmund misses you.
You completely miss Sigmund.
The ball python hisses angrily.
Your grab misses Sigmund. You squeeze Sigmund!
Sigmund is moderately wounded.
Sigmund barely misses you.
You tentacle-slap Sigmund. You grab Sigmund.
Sigmund is heavily wounded.
You constrict Sigmund. Sigmund hits you with a +0 scythe!
Ouch! That really hurt!
You barely miss Sigmund.
Sigmund is heavily wounded.
You constrict Sigmund, but do no damage.
You bludgeon Sigmund!
Sigmund is severely wounded.
You constrict Sigmund.
Sigmund's eyes start glowing with a red light.
Sigmund hits you with a +0 scythe!
You die...
Sigmund begins carving another notch in his scythe.

# # # ###
#############
#..
...##.......#
#.#
.####.#####.#
#.# .#
#.#...#.# #S#
.####.#..>..#
#@#
......#...####
#h#
#.###.#......#
#.#
......######.#
#.# ..#...#
#.# #.#
..#.###
#>###.#
#.#...#
#...#.#
..###.#
###.#.#
#####.# #.#.#
...†..# #...#


You could see Sigmund and a ball python.

Vanquished Creatures
  5 bats (D:1)
  3 endoplasms (D:1)
  2 giant cockroaches (D:1)
  3 goblins
  5 hobgoblins
  2 kobolds (D:1)
  3 ball pythons (D:1)
  5 frilled lizards
  5 rats
33 creatures vanquished.

Notes
Turn   | Place    | Note
-------+----------+-------------------------------------------
     0 | D:1      | monsoonserge the Octopode Shapeshifter began the quest for
                  | the Orb.
     0 | D:1      | Reached XP level 1. HP: 13/13 MP: 1/1
    92 | D:1      | Reached XP level 2. HP: 11/18 MP: 2/2
   291 | D:1      | Reached skill level 1 in Stealth
   382 | D:1      | Reached XP level 3. HP: 18/23 MP: 3/3
   609 | D:2      | Reached skill level 4 in Shapeshifting
   879 | D:2      | Noticed Sigmund
   887 | D:2      | Slain by Sigmund

Illustrated notes

Levels and vault maps discovered:
D:1:      mrwooster_arrival_arrow, layout_rooms, amethyst_killhole,
          minivault_25, minmay_misc_feat_cross, minmay_fountain_box
D:2:      layout_basic, uniq_sigmund, uniq_terence

Skill      XL: |  1  2  3 |
---------------+----------+-----
Stealth        | 1 |  1.0
Shapeshifting  | 4 |  4.0
Fighting       | |  1.0
Dodging        | |  2.0
Unarmed Combat | |  3.1

Action                     || total
---------------------------++-------
  Melee: Unarmed           ||    62
         Constrict         ||    11
         Tentacles         ||     9
         Punch             ||     1
   Stab: Sleeping          ||    12
 Armour: Skin              ||    22
  Dodge: Dodged            ||    40

Table legend: (Time is in decaauts)
 A = Elapsed time spent in this place.
 B = Non-inter-level travel time spent in this place.
 C = Inter-level travel time spent in this place.
 D = Time resting spent in this place.
 E = Time spent auto-exploring this place.
 F = Levels seen in this place.
 G = Mean time per level.
                   A        B        C        D        E       F      G
               +--------+--------+--------+--------+--------+-----+--------+
         Total |    883 |    820 |     63 |      0 |    504 |   2 |  441.5 |
       Dungeon |    883 |    820 |     63 |      0 |    504 |   2 |  441.5 |
               +--------+--------+--------+--------+--------+-----+--------+

Top non-repeatable levels by time:
     D:1: 655 daAuts
     D:2: 227 daAuts
